 Dungeon Crawl Stone Soup version 0.17-b1-15-g0f5fb43 (webtiles) character file.

118 Kloppie the Slasher (level 4, -1/39 HPs)
             Began as a Minotaur Berserker on Nov 3, 2015.
             Was a Believer of Trog.
             Killed from afar by an orc wizard (10 damage)
             ... with a puff of flame
             ... on level 3 of the Dungeon.
             The game lasted 00:04:14 (1772 turns).

Kloppie the Slasher (Minotaur Berserker)            Turns: 1772, Time: 00:04:14

Health: -1/39      AC:  7    Str: 22    XL:     4   Next: 72%
Magic:  3/3        EV: 10    Int:  4    God:    Trog [**....]
Gold:   226        SH:  0    Dex: 10    Spells: 0 memorised, 3 levels left

rFire  . . .     SeeInvis .     a - +0 falchion
rCold  . . .     Clarity  .     s - +0 scale mail
rNeg   . . .     SustAt   .     (no shield)
rPois  .         Gourm    .     (helmet restricted)
rElec  .         Spirit   .     (no cloak)
rCorr  .         Warding  .     (no gloves)
rMut   .         Stasis   .     (no boots)
MR     .....                    (no amulet)
Stlth  ..........               (no ring)
                                (no ring)

@: not resistant to hostile enchantments, extremely unstealthy
A: retaliatory headbutt, horns 2
a: Berserk, Trog's Hand, Burn Spellbooks, Renounce Religion


You were on level 3 of the Dungeon.
You worshipped Trog.
Trog was pleased with you.
You were hungry.

You visited 1 branch of the dungeon, and saw 3 of its levels.

You collected 226 gold pieces.

Inventory:

Hand Weapons
 a - a +0 falchion (weapon)
Armour
 k - a +0 leather armour
 s - a +0 scale mail (worn)
Wands
 r - a wand of slowing (33)
Scrolls
 d - a scroll of blinking {unknown}
 g - 2 scrolls of enchant weapon {unknown}
 j - 3 scrolls of noise {unknown}
 l - 2 scrolls of immolation {unknown}
 m - 2 scrolls of teleportation {unknown}
 o - a scroll of enchant armour {unknown}
 q - a scroll of magic mapping {unknown}
 t - a scroll of fog {unknown}
 v - a scroll of identify {unknown}
Potions
 b - 2 potions of curing {unknown}
 e - a potion of might {unknown}
 h - a potion of heal wounds {unknown}
 i - 2 potions of brilliance {unknown}
 n - 2 potions of poison {unknown}
 p - a potion of haste {unknown}
Comestibles
 c - 5 bread rations
 f - a meat ration
 u - a royal jelly


   Skills:
 - Level 3.6 Fighting
 + Level 5.3 Long Blades
 + Level 4.6 Armour
 - Level 2.1 Dodging


You had 3 spell levels left.
You didn't know any spells.

Dungeon Overview and Level Annotations

Branches:
Dungeon (3/15)

Altars:
Nemelex Xobeh
Okawaru


Innate Abilities, Weirdness & Mutations

You reflexively headbutt those who attack you in melee.
You have a pair of horns on your head.


Message History

You hit the orc wizard. Your headbutt misses the orc wizard.
The orc wizard is heavily wounded.
The orc wizard hits you but does no damage.
You hit the orc wizard.
You headbutt the orc wizard, but do no damage.
The orc wizard is severely wounded.
The orc wizard hits you but does no damage.
The orc hits you with a morningstar.
* * * LOW HITPOINT WARNING * * *
The orc wizard hits you with a dagger.
* * * LOW HITPOINT WARNING * * *
You barely miss the orc wizard. Your headbutt misses the orc wizard.
The orc wizard is severely wounded.
The orc wizard closely misses you. The orc hits you but does no damage.
You miss the orc wizard. Your headbutt misses the orc wizard.
The orc wizard is severely wounded.
The orc wizard closely misses you.
The orc wizard gestures at you while chanting.
The puff of flame hits you!
You die...

..........#
.....)...#############
.(.)....##o..≈g≈.....##
.........#.8.≈≈≈......##
.........#8o8o.........#
.........#.8.≈≈≈.......#
.........#...≈g≈.......#
.........#######oo....#
.........#......@.....#
.........#............#
#.....................#
......................#
#............P........#
.............♣P.P.....#
...............PP....##
..#..................#
.#########.......#.


You could see an orc wizard, 2 orcs and a goblin.

Vanquished Creatures
  Terence (D:3)
  A gnoll (D:1)
  3 adders (D:2)
  2 worms (D:2)
  A giant gecko (D:2)
  An orc (D:3)
  7 bats
  A giant cockroach (D:2)
  5 hobgoblins (D:1)
  10 kobolds
  A ball python (D:1)
  3 giant newts
  4 goblins
  10 rats
50 creatures vanquished.

Notes
Turn   | Place    | Note
--------------------------------------------------------------
     0 | D:1      | Kloppie the Minotaur Berserker began the quest for the Orb.
     0 | D:1      | Reached XP level 1. HP: 19/19 MP: 0/0
   218 | D:1      | Reached skill level 4 in Long Blades
   218 | D:1      | Reached XP level 2. HP: 26/26 MP: 1/1
   439 | D:1      | Reached ** piety under Trog
   507 | D:1      | Reached XP level 3. HP: 26/31 MP: 2/2
  1258 | D:2      | Reached skill level 5 in Long Blades
  1258 | D:2      | Reached XP level 4. HP: 22/39 MP: 3/3
  1596 | D:2      | Found a sparkling altar of Nemelex Xobeh.
  1633 | D:3      | Noticed Terence
  1640 | D:3      | Killed Terence
  1756 | D:3      | Found an iron altar of Okawaru.
  1772 | D:3      | Killed from afar by an orc wizard

Action                   |  1- 3 |  4- 6 || total
-------------------------+-------+-------++-------
Melee: Falchion          |    86 |    32 ||   118
  Eat: Chunk             |     1 |     1 ||     2
